AoeStats
← lyonnais--86

Arena

510434245Analyzed
4v4 RM · 9h ago on Oct 1, 2026· 50m 3s· 8 players
Game mode
Random Map
Map size
Large (8 player)
Population
200
Speed
Normal
Resources
Standard
Victory
Conquest
Starting age
Dark Age
Ending age
Imperial Age
RankedLock teamsTeams togetherTeam positionsShared explorationLock speedFull tech treeHidden civsTurbo modeCheats
Victory
Defeat
🇺🇸 Vikings · United States
1043
+15
🇮🇳 Romans · India
1003
+16
🇨🇳 Franks · China
1002
+17
🇨🇳 Danes · China
972
+18
🇨🇦 Slavs · Canada
1056
-19
🇩🇪 Khmer · Germany
1032
-17
🇫🇷 Romans · France
987
-15
🇫🇷 Burgundians · France
983
-15
开局一片田
10:18 Feudal Age
14:22 Castle Age
12:17 Double-Bit Axe
15:28 Bow Saw
16:20 Horse Collar
21:52 Heavy Plow
23:38 Scale Mail Armor
23:49 Forging
26:10 Chain Mail Armor
29:16 Wheelbarrow
29:28 Loom
29:29 Town Watch
31:30 Gold Mining
31:30 Stone Mining
32:41 Hand Cart
33:22 Town Patrol
35:57 Imperial Age
33:54 Town Patrol
34:30 Iron Casting
36:19 Capped Ram
36:21 Elite Varangian Guard
37:34 Plate Mail Armor
38:04 Blast Furnace
37:26 Conscription
36:27 Hamask
37:13 Squires
38:14 Gold Shaft Mining
38:15 Stone Shaft Mining
37:55 Siege Ram
40:46 Arson
41:01 Pikeman
42:47 Fletching
42:57 Padded Archer Armor
43:46 Thumb Ring
43:02 Elite Skirmisher
43:55 Bodkin Arrow
44:24 Ballistics
45:05 Chemistry
46:42 Siege Engineers
46:34 Murder Holes
46:59 Leather Archer Armor
46:44 Bracer
2026
0:26 Loom
10:05 Feudal Age
15:24 Castle Age
22:57 Fletching
33:35 Imperial Age
32:00 Bodkin Arrow
33:55 Town Watch
33:38 Cavalier
36:24 Chemistry
35:47 Gold Mining
36:45 Forging
36:41 Scale Barding Armor
37:19 Gold Shaft Mining
36:38 Stone Mining
38:28 Murder Holes
38:49 Paladin
41:14 Ballistics
41:41 Wheelbarrow
41:22 Husbandry
42:50 Hand Cart
43:14 Iron Casting
43:00 Chain Barding Armor
42:56 Fortified Wall
45:53 Blast Furnace
45:09 Town Patrol
44:59 Double-Bit Axe
48:19 Plate Barding Armor
47:49 Squires
47:10 Pikeman
47:44 Arrowslits
49:11 Scale Mail Armor
49:00 Treadmill Crane
49:23 Light Cavalry
50:16 Bow Saw
50:20 Masonry
49:36 Halberdier
50:34 Chain Mail Armor
sushsar
12:37 Feudal Age
14:02 Horse Collar
16:26 Castle Age
15:19 Double-Bit Axe
15:30 Gold Mining
17:57 Heavy Plow
21:43 Stone Mining
22:44 Loom
22:45 Town Watch
24:00 Scale Mail Armor
25:13 Gold Shaft Mining
24:52 Bow Saw
26:40 Chain Mail Armor
26:37 Forging
27:23 Squires
27:08 Arson
27:01 Man-at-Arms
28:29 Long Swordsman
31:41 Imperial Age
29:30 Chieftains
30:08 Iron Casting
32:00 Two-Handed Swordsman
33:11 Plate Mail Armor
33:42 Blast Furnace
33:14 Conscription
33:00 Champion
38:05 Two-Man Saw
37:09 Town Patrol
37:02 Fletching
37:48 Fortified Wall
38:32 Bodkin Arrow
38:51 Masonry
nchan55
10:54 Feudal Age
15:04 Castle Age
13:04 Double-Bit Axe
13:04 Horse Collar
16:38 Bow Saw
18:43 Heavy Plow
19:40 Gold Mining
20:18 Loom
22:29 Stone Mining
25:13 Wheelbarrow
29:06 Imperial Age
26:40 Town Watch
27:31 Hand Cart
28:02 Ballistics
28:05 Fletching
28:29 Forging
28:22 Scale Mail Armor
30:00 Gold Shaft Mining
29:56 Ballistas
29:59 Heavy Scorpion
31:03 Scale Barding Armor
30:55 Bodkin Arrow
31:37 Iron Casting
33:10 Chemistry
32:18 Siege Engineers
32:10 Murder Holes
33:08 Conscription
32:13 Elite Centurion
33:07 Bloodlines
33:23 Husbandry
34:09 Chain Barding Armor
35:21 Blast Furnace
33:59 Pikeman
34:41 Squires
37:44 Plate Barding Armor
lyonnais--86
9:26 Loom
11:17 Feudal Age
15:32 Castle Age
13:56 Double-Bit Axe
14:23 Horse Collar
29:14 Imperial Age
38:00 Ballistas
37:21 Pikeman
razors-38i
6:59 Double-Bit Axe
10:55 Feudal Age
15:08 Castle Age
13:22 Horse Collar
14:11 Bow Saw
17:48 Wheelbarrow
24:00 Hand Cart
24:29 Gold Mining
25:43 Two-Man Saw
24:46 Heavy Plow
29:26 Imperial Age
27:20 Fletching
29:32 Cavalier
32:09 Gold Shaft Mining
31:28 Stone Mining
32:42 Scale Mail Armor
35:04 Padded Archer Armor
36:48 Chemistry
35:30 Treadmill Crane
35:24 Paladin
37:27 Scale Barding Armor
37:32 Forging
38:29 Burgundian Vineyards
39:45 Iron Casting
39:32 Chain Barding Armor
42:19 Leather Archer Armor
43:17 Gold Shaft Mining
TOE KNEE SAI
3:11 Loom
10:21 Feudal Age
12:35 Double-Bit Axe
18:01 Castle Age
16:02 Horse Collar
16:35 Gold Mining
17:34 Stone Mining
18:24 Wheelbarrow
20:55 Bow Saw
20:55 Heavy Plow
23:40 Hand Cart
26:17 Gold Shaft Mining
26:37 Fortified Wall
31:41 Imperial Age
29:26 Pikeman
30:20 Forging
30:11 Scale Mail Armor
30:51 Atonement
30:50 Fletching
31:13 Squires
30:36 Man-at-Arms
33:20 Iron Casting
34:01 Crop Rotation
34:33 Two-Man Saw
35:13 Blast Furnace
34:29 Chain Mail Armor
34:17 Herbal Medicine
34:59 Onager
37:57 Padded Archer Armor
37:53 Bodkin Arrow
41:04 Plate Mail Armor
41:17 Elite Skirmisher
42:12 Halberdier
42:14 Elite Skirmisher
42:27 Halberdier
Hrakiir
10:44 Feudal Age
10:07 Loom
15:11 Castle Age
13:26 Horse Collar
17:10 Double-Bit Axe
17:28 Heavy Plow
21:17 Wheelbarrow
22:36 Gold Mining
23:52 Bow Saw
24:48 Hand Cart
28:31 Imperial Age
29:02 Stone Mining
29:49 Gold Shaft Mining
30:00 Crop Rotation
30:18 Stone Shaft Mining
29:10 Elite Battle Elephant
29:58 Scale Barding Armor
30:03 Forging
30:28 Husbandry
30:39 Bloodlines
33:38 Chain Barding Armor
33:25 Tusk Swords
33:48 Conscription
35:51 Iron Casting
Connection lost

Rejoining the realm…

Still unreachable

The connection could not be restored.

Session expired

The server has moved on; the page needs a fresh start.